 Dungeon Sprint DCSS version 0.20.1-1-g8b1a95d (console) character file.

96 hilaritas the Grappler (level 8, 0/88 HPs)
             Began as a Troll Fighter on Jan 20, 2018.
             Was a Believer of Uskayaw.
             Succumbed to an ogre mage's bolt of poison
             ... in the Dungeon (Sprint VI: "Thunderdome").
             The game lasted 00:06:20 (521 turns).

hilaritas the Grappler (Troll Fighter)               Turns: 521, Time: 00:06:20

Health: 0/88       AC: -3    Str: 30    XL:     8   Next: 70%
Magic:  12/12      EV: 13    Int:  6    God:    Uskayaw [**....]
Gold:   55         SH: 12    Dex:  9    Spells: 7/7 levels left

rFire    + . .     SeeInvis .     - Unarmed
rCold    + + .     Gourm    +   c - +0 shield
rNeg     + . .     Faith    .   b - +0 robe
rPois    .         Spirit   .   (helmet restricted)
rElec    .         Reflect  .   (no cloak)
rCorr    .         Harm     .   (gloves unavailable)
MR       .....     NoTele   +   (boots unavailable)
Stlth    ++........             p - amulet "Egavamuu" {+Fly Regen+ Stlth+}
Regen    1.1/turn               r - ring of Wuugre {rF+ rN+}
MPRegen  0.2/turn               s - ring "Jiklip Qywo" {*Corrode rC++ EV+2 Str+5}

@: lethally poisoned (0 -> 0), corroded, slowed, very slow
A: unfitting armour, claws 3, fast metabolism 3, gourmand, regeneration 1,
shaggy fur 1, tough skin 2
a: Stomp, Line Pass, Renounce Religion, Evoke Flight


You were in the Dungeon.
You worshipped Uskayaw.
Uskayaw was noncommittal.
You were not hungry.

You visited 1 branch You collected 340 gold pieces.
You spent 285 gold pieces at shops.

Inventory:

Hand Weapons
 a - a +0 flail
Armour
 b - a +0 robe (worn)
 c - a +0 shield (worn)
Jewellery
 p - the amulet "Egavamuu" (around neck) {+Fly Regen+ Stlth+}
   (You bought it in a shop in the Dungeon)

   [amulet of regeneration]

   It lets you fly.
   It increases your rate of regeneration.
   It makes you more stealthy.
 r - the ring of Wuugre (left claw) {rF+ rN+}
   (You bought it in a shop in the Dungeon)

   [ring of protection from fire]

   It protects you from fire.
   It protects you from negative energy.
 s - the ring "Jiklip Qywo" (right claw) {*Corrode rC++ EV+2 Str+5}
   (You bought it in a shop in the Dungeon)

   [ring of evasion]

   It affects your evasion (+2).
   It affects your strength (+5).
   It greatly protects you from cold.
   It may corrode you when you take damage.
Wands
 m - a wand of acid (5/15)
 n - a wand of iceblast (5/15)
Scrolls
 k - 4 scrolls of blinking
 o - 3 scrolls of fog
Potions
 d - a potion of might
 e - a potion of curing
 g - 3 potions of heal wounds
 h - 4 potions of haste
 i - 2 potions of magic
 j - a potion of berserk rage
 l - a potion of resistance
Comestibles
 f - 2 bread rations
 q - 3 chunks of flesh


   Skills:
 * Level 8.1 Fighting
 - Level 1.7 Maces & Flails
 + Level 4.0 Dodging
 + Level 9.2 Shields
 - Level 10.3 Unarmed Combat
 * Level 7.8 Invocations


You had 7 spell levels left.
You didn't know any spells.

Dungeon Overview and Level Annotations

Branches:
Dungeon (1/1)

Altars:
Cheibriados
Dithmenos
Fedhas
Gozag
Kikubaaqudgha
Makhleb
Okawaru
Qazlal
Ru
Sif Muna
Trog
Uskayaw
Vehumet
Xom
Yredelemnul
Zin
The Shining One
Beogh
Jiyva
Lugonu

Shops:
D *[%??*?*:[((!!!!


Innate Abilities, Weirdness & Mutations

You are too large for most types of armour.
You have claws for hands.
Your metabolism is lightning-fast.
You like to eat raw meat.
Your natural rate of healing is unusually fast.
You are covered in fur. (AC +1)
You have very tough skin. (AC +2)


Message History

Something hits you!
* * * LOW HITPOINT WARNING * * *
Unknown command.
You feel much better. Something hits you!
Your corrosive artefact corrodes you! 15...
You hear some strange, mumbled words.
A bolt of poison appears from out of thin air!
The bolt of poison hits you!
You are poisoned.
* * * LOW HITPOINT WARNING * * *
Things that are here:
2 stones; a kobold corpse
* * * LOW HITPOINT WARNING * * *
You feel sick.
Unknown command.
* * * LOW HITPOINT WARNING * * *
You feel sick.
You hear some strange, mumbled words.
You feel yourself slow down.
You die...

#∩.......∩# #_......._#
#_..))..._# #_......._#
###.........### #⌠..÷.....[..⌠#
######.8.........8.######
##∩__.......###......_._∩##
###∩.)...)..8.# #{8........∩###
#......†......###.............##
⌠.....)....###..@###..........⌠#
⌠..........# #.<.# #..........⌠#
⌠.........(###...###..)..O....⌠#
#..........(.)###.............##
###∩........8.# #.8........∩###
##∩_._......###......___∩##
######.8.........8.######
#⌠...........O# ###.........###
#........_# #_......._#


There were no monsters in sight!

Vanquished Creatures
  An ogre mage (D)
  A kobold demonologist (D)
  3 ogres (D)
  4 big kobolds (D)
  2 jellies (D)
  Jessica (D)
  2 adders (D)
  2 oozes (D)
  A worm (D)
  A giant cockroach zombie (D)
  2 kobolds (D)
20 creatures vanquished.

Notes
Turn   | Place    | Note
-------+----------+-------------------------------------------
     0 | D        | hilaritas the Troll Fighter began the quest for the Orb.
     0 | D        | Reached XP level 1. HP: 22/22 MP: 0/0
     4 | D        | Found a bloodstained altar of Trog.
     4 | D        | Found a shimmering altar of Xom.
     5 | D        | Found a glowing golden altar of the Shining One.
     6 | D        | Found a stormy altar of Qazlal.
     6 | D        | Found a basalt altar of Yredelemnul.
     6 | D        | Round 1.
     7 | D        | Found a glowing silver altar of Zin.
     7 | D        | Found an iron altar of Okawaru.
     7 | D        | Found Keatto's Staff Store.
     7 | D        | Found Luesokh's Magic Scroll Shop.
     8 | D        | Found an ancient bone altar of Kikubaaqudgha.
     8 | D        | Found Muott's Must-Have Magic.
     8 | D        | Found Megad Kysu's Magic Scroll Shop.
    26 | D        | Found a radiant altar of Vehumet.
    27 | D        | Found a deep blue altar of Sif Muna.
    28 | D        | Found Xolagruje's Bee Food.
    29 | D        | Found Varocriu's Jewellery.
    29 | D        | Found Iqautaheuts's Advanced Armour.
    30 | D        | Found a blossoming altar of Fedhas.
    30 | D        | Found a corrupted altar of Lugonu.
    30 | D        | Found Oraosaar's Identification Station.
    34 | D        | Reached skill level 1 in Unarmed Combat
    42 | D        | Bought a glittering ruby amulet for 45 gold pieces
    45 | D        | Noticed a jelly
    48 | D        | Reached XP level 2. HP: 25/31 MP: 1/1
    51 | D        | Reached skill level 3 in Unarmed Combat
    51 | D        | Reached XP level 3. HP: 31/39 MP: 2/2
    68 | D        | Bought 3 scrolls of identify for 150 gold pieces
    75 | D        | Found a sacrificial altar of Ru.
    75 | D        | Found a roughly hewn altar of Beogh.
    75 | D        | Found Moezag's Premium Goods.
    75 | D        | Found Buesk's Miscellaneous Merchandise.
    76 | D        | Found Lampo's Basic Armour.
    81 | D        | Found Nics's Weapon Rack.
    81 | D        | Found a hide-covered altar of Uskayaw.
    81 | D        | Found a burning altar of Makhleb.
    81 | D        | Found an opulent altar of Gozag.
    92 | D        | Found a snail-covered altar of Cheibriados.
    96 | D        | Became a worshipper of Uskayaw the Reveler
   100 | D        | Reached skill level 1 in Invocations
   100 | D        | Reached XP level 4. HP: 39/49 MP: 2/4
   100 | D        | Reached * piety under Uskayaw
   126 | D        | Found a shadowy altar of Dithmenos.
   126 | D        | Found a viscous altar of Jiyva.
   126 | D        | Found Hevvihic's Do-It-Yourself Clinic.
   126 | D        | Found Qutusena's Bottled Wisdom.
   127 | D        | Found Essuuve's Distillery.
   132 | D        | Found Pila Una's Distillery.
   141 | D        | Arena points: 5 (+5) [x1]
   156 | D        | Round 2.
   176 | D        | Reached skill level 4 in Unarmed Combat
   176 | D        | Reached ** piety under Uskayaw
   225 | D        | Noticed Jessica
   229 | D        | Killed Jessica
   229 | D        | Reached skill level 5 in Shields
   259 | D        | Arena points: 33 (+28) [x2]
   263 | D        | Identified the amulet "Egavamuu" {+Fly Regen+ Stlth+} (You bought it in a shop in the Dungeon)
   275 | D        | Bought a sparkling steel ring for 45 gold pieces
   275 | D        | Identified the ring of Wuugre {rF+ rN+} (You bought it in a shop in the Dungeon)
   319 | D        | Round 3.
   329 | D        | Noticed a big kobold
   338 | D        | Noticed a big kobold
   344 | D        | Killed a big kobold
   344 | D        | Reached skill level 5 in Fighting
   344 | D        | Reached skill level 5 in Unarmed Combat
   344 | D        | Reached XP level 5. HP: 52/57 MP: 6/6
   346 | D        | Reached *** piety under Uskayaw
   352 | D        | Reached **** piety under Uskayaw
   354 | D        | Reached skill level 6 in Unarmed Combat
   382 | D        | Reached skill level 7 in Unarmed Combat
   382 | D        | Reached XP level 6. HP: 61/67 MP: 8/8
   385 | D        | Reached skill level 8 in Unarmed Combat
   385 | D        | Reached skill level 5 in Invocations
   423 | D        | Noticed a kobold demonologist
   433 | D        | Killed a kobold demonologist
   433 | D        | Arena points: 96 (+63) [x3]
   433 | D        | Reached skill level 9 in Unarmed Combat
   433 | D        | Reached XP level 7. HP: 72/75 MP: 8/10
   455 | D        | Bought an ancient golden ring for 45 gold pieces
   455 | D        | Identified the ring "Jiklip Qywo" {*Corrode rC++ EV+2 Str+5} (You bought it in a shop in the Dungeon)
   477 | D        | Round 4.
   485 | D        | Noticed an ogre mage
   485 | D        | Reached skill level 10 in Unarmed Combat
   491 | D        | Killed an ogre mage
   491 | D        | Reached XP level 8. HP: 75/88 MP: 10/12
   510 | D        | Noticed an ogre mage
   518 | D        | HP: 1/88 [something/bolt of poison (20)]
   521 | D        | Succumbed to an ogre mage's bolt of poison

Skill      XL: |  1  2  3  4  5  6  7  8 |
---------------+-------------------------+-----
Shields        | 3 4 5 6 7 9 |  9.2
Unarmed Combat | 1 3 5 7 9 10 | 10.3
Fighting       | 3 4 5 6 7 8 |  8.1
Invocations    | 1 3 4 5 7 |  7.8
Dodging        | 3 4 |  4.0
Maces & Flails | |  1.7

Action                   |  1- 3 |  4- 6 |  7- 9 || total
-------------------------+-------+-------+-------++-------
Melee: Unarmed           |    12 |    62 |    13 ||    87
  Use: Scroll            |       |     2 |     1 ||     3
       Potion            |       |       |     1 ||     1
 Stab: Paralysed         |       |     2 |     1 ||     3
       Distracted        |       |     1 |       ||     1
  Eat: Chunk             |       |     5 |       ||     5
Armor: Robe              |     1 |     6 |       ||     7
Dodge: Dodged            |     3 |    13 |       ||    16
Block: Shield            |     5 |    21 |     3 ||    29
